 Dungeon Crawl Stone Soup version 0.23.2 (webtiles) character file.

Game seed: 432085878731023349

331 Borgoz the Cutter (level 6, -1/55 HPs)
             Began as a Kobold Gladiator on Apr 12, 2019.
             Was an Initiate of Ashenzari.
             Slain by an orc priest
             ... wielding a cursed -1 whip
              (5 damage)
             ... on level 4 of the Dungeon.
             The game lasted 00:05:44 (2752 turns).

Borgoz the Cutter (Kobold Gladiator)                Turns: 2752, Time: 00:05:44

Health: -1/55      AC:  8    Str: 16    XL:     6   Next: 81%
Magic:  8/8        EV: 14    Int: 10    God:    Ashenzari [......]
Gold:   131        SH:  0    Dex: 18    Spells: 6/7 levels left

rFire    . . .     SeeInvis .   a - +0 rapier
rCold    . . .     Gourm    .   (shield restricted)
rNeg     . . .     Faith    .   s - +0 scale mail
rPois    .         Spirit   .   c - +0 helmet
rElec    .         Reflect  .   p - +0 cloak
rCorr    .         Harm     .   (no gloves)
MR       .....                  (no boots)
Stlth    ..........             (no amulet)
HPRegen  0.18/turn              (no ring)
MPRegen  0.11/turn              (no ring)

@: berserking, very slightly contaminated, invisible, very quick
A: small, carnivore
a: Curse Item, Renounce Religion


You were on level 4 of the Dungeon.
You worshipped Ashenzari.
Ashenzari was noncommittal.
You were completely stuffed.

You visited 2 branches of the dungeon, and saw 5 of its levels.

You collected 131 gold pieces.

Inventory:

Hand Weapons
 a - a +0 rapier (weapon)
Missiles
 d - 3 throwing nets (quivered)
Armour
 c - a +0 helmet (worn)
 p - a +0 cloak (worn)
 s - a +0 scale mail (worn)
Scrolls
 e - 2 scrolls of remove curse
 g - a scroll of enchant armour {unknown}
 h - a scroll of random uselessness {unknown}
 k - a scroll of amnesia {unknown}
 l - a scroll of fog {unknown}
 m - 2 scrolls of immolation {unknown}
 o - a scroll of noise {unknown}
 q - a scroll of teleportation {unknown}
 r - 2 scrolls of enchant weapon {unknown}
 t - a scroll of fear {unknown}
Potions
 j - a potion of lignification
 n - a potion of invisibility
Comestibles
 f - 5 rations
 i - 4 chunks of flesh


   Skills:
 + Level 3.5 Fighting
 + Level 5.3 Short Blades
 - Level 2.1 Throwing
 + Level 1.7 Armour
 + Level 4.7 Dodging
 + Level 3.3 Stealth
 + Level 1.4 Spellcasting
 + Level 1.6 Hexes


You had 6 spell levels left.
You knew the following spells:

 Your Spells              Type           Power        Failure   Level  Hunger
a - Confusing Touch       Hex            #.....       52%         1    ##.....

Your spell library contained the following spells:

 Spells                   Type           Power        Failure   Level  Hunger
 Animate Skeleton         Necr           N/A          77%         1    ##.....
 Apportation              Tloc           #.....       77%         1    ##.....
 Summon Small Mammal      Summ           #...         77%         1    ##.....


Dungeon Overview and Level Annotations

Branches:
Dungeon (4/15)             Temple (1/1) D:4

Altars:
Ashenzari
Dithmenos
Fedhas
Gozag
Kikubaaqudgha
Makhleb
Nemelex Xobeh
Okawaru
Qazlal
Sif Muna
Trog
Yredelemnul
Zin


Innate Abilities, Weirdness & Mutations

You are small and have problems with some larger weapons.
You are carnivorous and can eat meat at any time.


Message History

The orc priest hits you but does no damage.
You catch the helpless orc priest completely off-guard!
You impale the orc priest!!
You kill the orc priest!
The orc priest invokes the aid of Beogh against you.
Beogh smites you!
* * * LOW HITPOINT WARNING * * *
You closely miss the orc priest. The orc priest closely misses you.
Your scale mail prevents you from hitting the orc priest.
You puncture the orc priest!
The orc priest is heavily wounded.
The orc priest closely misses you.
The orc priest calls down the wrath of Beogh upon you.
Pain shoots through your body!
* * * LOW HITPOINT WARNING * * *
You puncture the orc priest!
The orc priest is severely wounded.
The adder closely misses you.
The orc priest hits you with a cursed -1 whip.
You die...

#...............[.#
..................# ..
..................#...
#.................#...
#.........#..........
..#.......#..###..#
..#...........$...#
##....#.#...#.....#
.....#.#.#..#...@o#
....#.#.#.#.....So......
.....#.>.#............##
....#.#.#.#.......o...#
.....#.#.#.......###....
......#.#......... ....
>...........#.#..## ...
.....<.....####.## ..
..............


You could see 2 orc priests, an orc wizard and an adder.

Vanquished Creatures
  2 orc priests
  2 orc wizards (D:3)
  3 worker ants
  A hound skeleton (D:3)
  5 adders
  An ooze (D:3)
  3 worms
  2 leopard geckos (D:1)
  6 orcs (D:3)
  A ball python (D:3)
  10 bats
  2 giant cockroaches
  6 goblins
  7 hobgoblins
  5 jackals
  A ball python skeleton (D:4)
  2 frilled lizards (D:2)
  5 kobolds
  12 rats
76 creatures vanquished.

Notes
Turn   | Place    | Note
-------+----------+-------------------------------------------
     0 | D:1      | Borgoz the Kobold Gladiator began the quest for the Orb.
     0 | D:1      | Reached XP level 1. HP: 12/12 MP: 1/1
   135 | D:1      | Reached XP level 2. HP: 18/18 MP: 2/2
   174 | D:1      | Reached skill level 1 in Stealth
   295 | D:1      | Found a shattered altar of Ashenzari.
   319 | D:1      | Became a worshipper of Ashenzari the Shackled
   621 | D:2      | Reached XP level 3. HP: 19/22 MP: 3/3
   929 | D:2      | Found a basalt altar of Yredelemnul.
  1000 | D:2      | Reached XP level 4. HP: 24/27 MP: 4/4
  1022 | D:2      | Reached skill level 1 in Armour
  1201 | D:2      | Found a shattered altar of Ashenzari.
  1304 | D:2      | Learned a level 1 spell: Confusing Touch
  1915 | D:3      | Reached XP level 5. HP: 28/32 MP: 5/5
  2160 | D:3      | Reached skill level 1 in Hexes
  2166 | D:3      | Reached skill level 5 in Short Blades
  2166 | D:3      | Reached skill level 1 in Spellcasting
  2170 | D:3      | Reached XP level 6. HP: 32/37 MP: 7/7
  2503 | D:3      | Found an ancient bone altar of Kikubaaqudgha.
  2614 | D:4      | Found a staircase to the Ecumenical Temple.
  2629 | Temple   | Entered the Ecumenical Temple
  2752 | D:4      | Slain by an orc priest

Skill      XL: |  1  2  3  4  5  6 |
---------------+-------------------+-----
Stealth        | 1 2 3 |  3.3
Dodging        | 4 |  4.7
Armour         | 1 |  1.7
Fighting       | 3 |  3.5
Hexes          | 1 |  1.6
Short Blades   | 5 |  5.3
Spellcasting   | 1 |  1.4
Throwing       | |  2.1

Action                   |  1- 3 |  4- 6 || total
-------------------------+-------+-------++-------
Melee: Rapier            |   104 |   196 ||   300
  Use: Scroll            |       |     4 ||     4
       Potion            |       |     4 ||     4
 Stab: Sleeping          |     3 |       ||     3
       Invisible         |       |     1 ||     1
  Eat: Chunk             |     9 |     6 ||    15
Armor: Leather armour    |    16 |       ||    16
       Scale mail        |     4 |    62 ||    66
       Skin              |       |     8 ||     8
Dodge: Dodged            |    83 |   131 ||   214
